 Dungeon Crawl Stone Soup version 0.25-a0-362-g90ccd6aac3 (webtiles) character file.

Game seed: 6892331494995401176, levelgen mode: classic

56 EnegeticOcto the Skirmisher (level 3, -1/34 HPs)
             Began as a Draconian Assassin on Jan 4, 2020.
             Slain by a kobold
             ... wielding a +0 club
              (6 damage)
             ... on level 1 of the Dungeon.
             The game lasted 00:02:12 (860 turns).

EnegeticOcto the Skirmisher (Draconian Assassin)     Turns: 860, Time: 00:02:13

Health: -1/34      AC:  6    Str: 13    XL:     3   Next: 71%
Magic:  3/3        EV: 11    Int: 17    God:
Gold:   28         SH:  0    Dex: 12    Spells: 2/2 levels left

rFire    . . .     SeeInvis .   a - +2 dagger
rCold    . . .     Gourm    .   (no shield)
rNeg     . . .     Faith    .   (armour unavailable)
rPois    .         Spirit   .   (helmet restricted)
rElec    .         Reflect  .   b - +0 cloak
rCorr    .         Harm     .   (no gloves)
MR       .....                  (no boots)
Stlth    ++........             (no amulet)
HPRegen  0.11/turn              (no ring)
MPRegen  0.08/turn              (no ring)

@: brilliant, lethally poisoned (-1 -> -2), hasted, very quick
A: unfitting armour, cold-blooded, AC +5
a: no special abilities


You were on level 1 of the Dungeon.
You were not hungry.

You visited 1 branch of the dungeon, and saw 2 of its levels.

You collected 28 gold pieces.

Inventory:

Hand Weapons
 a - a +2 dagger (weapon)
Missiles
 c - 8 poisoned darts
 d - a curare-tipped dart (quivered)
Armour
 b - a +0 cloak (worn)
Scrolls
 h - a scroll of identify {unknown}
Comestibles
 e - 2 rations


   Skills:
 + Level 4.5 Fighting
 - Level 2.0 Short Blades
 - Level 1.7 Throwing
 - Level 0.8 Dodging
 - Level 3.6 Stealth


You had 2 spell levels left.
You didn't know any spells.
Your spell library was empty.

Dungeon Overview and Level Annotations

Branches:
Dungeon (2/15)

Altars:
Elyvilon


Innate Abilities, Weirdness & Mutations

Your plain brown scales are hard. (AC +5)
You cannot fit into any form of body armour.
You are cold-blooded and may be slowed by cold attacks.


Message History

The bat barely misses you.
A worm comes into view.
Found a white marble altar of Elyvilon.
The goblin shouts!
The bat hits you but does no damage.
The kobold throws a stone.
The stone hits you but does no damage. The bat closely misses you.
There is a stone staircase leading up here.
You see here 2 stones.
You hit the bat.
The bat is moderately wounded.
The bat hits you but does no damage.
You hit the bat.
You kill the bat!
Jessica casts a spell.
Jessica blinks!
A rat comes into view.
The kobold throws a stone.
The stone hits you but does no damage. Jessica closely misses you.
You climb upwards.
There is a stone staircase leading down here.
You hit Jessica.
Jessica is heavily wounded.
You barely miss Jessica.
Jessica is heavily wounded.
Jessica casts a spell.
Jessica blinks!
Jessica gestures at you while chanting. Pain shoots through your body!
You hit Jessica.
Your tail-slap misses Jessica.
Jessica is almost dead.
Jessica hits you but does no damage.
You hit Jessica.
You kill Jessica!
Your Fighting skill increases to level 4!
You have reached level 3!
Your experience leads to an increase in your attributes!
Increase (S)trength, (I)ntelligence, or (D)exterity?
You feel clever.
Your scales feel tougher.
Some of the chunks of flesh in your inventory have rotted away.
All of the chunks of flesh in your inventory have rotted away.
HP restored.
Things that are here:
a cursed +0 club; a +0 robe Done exploring.
Done exploring.
Done exploring.
(D) Dungeon
Where to? (? - help)
There is a stone staircase leading down here.
You climb downwards.
The kobold barely misses you. The goblin completely misses you.
The worm bites you!
There is a stone staircase leading up, spattered with blood here.
You see here 3 stones.
The adder hisses angrily.
You hit the worm.
The worm is lightly wounded.
The kobold hits you with a +0 club. The goblin closely misses you.
You hit the worm.
The worm is lightly wounded.
The kobold misses you. The worm bites you! The goblin hits you with a +0 club.
* * * LOW HITPOINT WARNING * * *
You are too injured to fight recklessly!
You are too injured to fight recklessly!
The kobold hits you but does no damage. The goblin barely misses you.
The kobold hits you but does no damage.
Found a stone staircase leading down.
You see here a scroll labeled METILA WAOGULU.
The kobold hits you but does no damage.
A frilled lizard comes into view.
Found 6 gold pieces.
The kobold barely misses you. The kobold hits you with a +0 club.
* * * LOW HITPOINT WARNING * * *
The worm closely misses you.
There is a stone staircase leading up, spattered with blood here.
You see here 3 stones.
The adder bites you but does no damage. The kobold misses you.
You climb upwards.
There is a stone staircase leading down here.
The worm bites you but does no damage. The kobold hits you but does no damage.
The adder closely misses you. The adder bites you.
* * * LOW HITPOINT WARNING * * *
It was a potion of haste.
You feel yourself speed up. The adder bites you.
* * * LOW HITPOINT WARNING * * *
You are poisoned.
The adder poisons you!
It was a potion of brilliance.
You feel clever all of a sudden.
You feel sick. The adder barely misses you.
Throwing (i - inventory. (/) - cycle)
d - 2 curare-tipped darts (quivered)
Press: ? - help, Shift-Dir - straight line, f - adder
Aim: an adder You throw a curare-tipped dart.
The curare-tipped dart hits the adder.
The adder is poisoned.
The adder convulses.
The adder seems to slow down.
The adder is moderately wounded.
You feel sick.
You kill the adder!
You hit the kobold but do no damage. The kobold hits you with a +0 club.
You die...

≈≈≈.≈≈≈≈≈.###.# #.#..###.##.#..#
...........##.####.##.#...##.#.##
...........##.#..#..#........#...
...........##.#.###...######.#.##
...........##...# ##...## #...#
...).......##..## ##...## #####
........>..##### ##...###...##
......[...#############.†.#..<..#
...#........(w†K@.....##.........
##########..#############....#...
##...### ######### ###...## #
###..################
##....)............
################## # #


You could see a worm and a kobold.

Vanquished Creatures
  Jessica (D:1)
  An adder (D:1)
  A leopard gecko (D:1)
  4 bats
  A giant cockroach (D:1)
  2 goblins (D:1)
  5 hobgoblins
  2 frilled lizards (D:1)
  2 kobolds (D:1)
  4 rats (D:1)
23 creatures vanquished.

Notes
Turn   | Place    | Note
-------+----------+-------------------------------------------
     0 | D:1      | EnegeticOcto the Draconian Assassin began the quest for the
                  | Orb.
     0 | D:1      | Reached XP level 1. HP: 17/17 MP: 1/1
   145 | D:1      | Reached skill level 3 in Fighting
   275 | D:1      | Reached XP level 2. HP: 23/26 MP: 2/2
   707 | D:2      | Noticed Jessica
   710 | D:2      | Found a white marble altar of Elyvilon.
   721 | D:1      | Killed Jessica
   721 | D:1      | Reached skill level 4 in Fighting
   721 | D:1      | Reached XP level 3. HP: 22/34 MP: 3/3
   860 | D:1      | Slain by a kobold

Levels and vault maps discovered:
D:1:      dpeg_chamrin_arrival_tetris, layout_rooms, minivault_14
D:2:      layout_rooms, ashenzari_altar_1, elyvilon_altar_5, uniq_jessica

Skill      XL: |  1  2 |
---------------+-------+-----
Fighting       | 3 4 |  4.5
Short Blades   | |  2.0
Throwing       | |  1.7
Dodging        | |  0.8
Stealth        | |  3.6

Action                   || total
-------------------------++-------
Melee: Dagger            ||    62
       Tailslap          ||     5
Throw: Dart              ||     2
  Use: Potion            ||     2
 Stab: Sleeping          ||     5
Armor: Skin              ||    20
Dodge: Dodged            ||    44

Table legend:
 A = Non-vault XP
 B = Vault XP
 C = Vault XP percentage of total XP
 D = Non-vault monster count
 E = Vault monster count
 F = Vault count percentage of total count
                 A         B        C        D         E       F
            +---------+---------+-------+---------+---------+-------
      Total |      44 |      37 |  45.7 |      22 |       1 |   4.3
            +---------+---------+-------+---------+---------+-------
        D:1 |      39 |      37 |  48.7 |      19 |       1 |   5.0
        D:2 |       5 |       0 |   0.0 |       3 |       0 |   0.0
            +---------+---------+-------+---------+---------+-------
